Workbook

Sheet Einnahmen
A1: Familienbudget
A3: 44256
A5: Monatliche Einnahmen | B5: Geplant | C5: Tatsächlich | D5: Abweichung
A6: Einnahme 1 | B6: 5000 | C6: 5000 | D6: =C6-B6 -> 0
A7: Einnahme 2 | B7: 2500 | C7: 2600 | D7: =C7-B7 -> 100
A8: Einnahme 3 | B8: 600 | C8: 600 | D8: =C8-B8 -> 0
A9: Sonstige Einkünfte | B9: 250 | C9: 0 | D9: =C9-B9 -> -250
A10: Einnahmen gesamt | B10: =SUM(B6:B9) -> 8350 | C10: =SUM(C6:C9) -> 8200 | D10: =SUM(D6:D9) -> -150

Sheet Ausgaben
A1: Familienbudget
A3: 44256
A5: Monatliche Ausgaben | B5: Geplant | C5: Tatsächlich | D5: Abweichung
A6: Miete | B6: 650 | C6: 650 | D6: =C6-B6 -> 0
A7: Lebensmittel | B7: 500 | C7: 650 | D7: =C7-B7 -> 150
A8: Telefon | B8: 40 | C8: 40 | D8: =C8-B8 -> 0
A9: Strom / Gas | B9: 55 | C9: 65 | D9: =C9-B9 -> 10
A10: Wasser /Abwasser/Abfall | B10: 35 | C10: 35 | D10: =C10-B10 -> 0
A11: TV | B11: 15 | C11: 15 | D11: =C11-B11 -> 0
A12: Internet | B12: 25 | C12: 25 | D12: =C12-B12 -> 0
A13: Wartungen / Reparaturen | B13: 300 | C13: 456 | D13: =C13-B13 -> 156
A14: Kinderbetreuung / Kindergarten / Schule | B14: 350 | C14: 250 | D14: =C14-B14 -> -100
A15: Haustiere | B15: 100 | C15: 50 | D15: =C15-B15 -> -50
A16: Verkehrsmittel | B16: 30 | C16: 30 | D16: =C16-B16 -> 0
A17: Persönlicher Bedarf | B17: 250 | C17: 500 | D17: =C17-B17 -> 250
... A24: Sonstige Ausgaben | B24: 50 | C24: 50 | D24: =C24-B24 -> 0
A25: Ausgaben gesamt | B25: =SUM(B6:B24) -> 6155 | C25: =SUM(C6:C24) -> 6621 | D25: =SUM(D6:D24) -> 466

Sheet Übersicht Monat
A1: Familienbudget
A3: =Ausgaben!A3 -> 44256
A5: Übersicht Monat | B5: Geplant | C5: Tatsächlich | D5: Abweichung
A6: Einnahmen gesamt | B6: =Einnahmen!B10 -> 8350 | C6: =Einnahmen!C10 -> 8200 | D6: =Einnahmen!D10 -> -150
A7: Ausgaben gesamt | B7: =Ausgaben!B25 -> 6155 | C7: =Ausgaben!C25 -> 6621 | D7: =Ausgaben!D25 -> 466
A8: Einnahmen & Ausgaben gesamt | B8: =B6-B7 -> 2195 | C8: =C6-C7 -> 1579 | D8: =SUM(D6:D7) -> 316
